Map: Deathaura LE

Players

ShoWTimE - Winner!

  • Race: Protoss Protoss
  • League: Grandmaster
  • Spawn Location: 11:00

BratOK (Brat_OK)

  • Race: Terran Terran
  • League: Master
  • Spawn Location: 5:00

Event: DreamHack SC2 Masters 2020 Fall

VOD

Have the link to the VOD?

Description

Time

  • Played on: Sept. 4, 2020, 3:06 p.m.
  • Length: 12:35

All games in this series

Show
View Real Time Build Order
Export as new Build Order

ShoWTimE Protoss - Winner!

Build Orders: 1 Gate Expand, Dark Templar Rush 

Get SALT Encoding   

  12  0:00  Probe  
  13  0:12  Probe  
  14  0:17  Pylon  
  14  0:24  Probe (Chrono Boost)  
  15  0:36  Probe (Chrono Boost)  
  15  0:37  Gateway  
  16  0:44  Probe (Chrono Boost)  
  16  0:46  Assimilator  
  17  0:50  Probe  
  18  1:03  Probe  
  19  1:15  Probe  
  20  1:24  Cybernetics Core  
  20  1:32  Nexus  
  20  1:35  Probe  
  21  1:42  Pylon  
  20  1:47  Probe  
  20  1:49  Assimilator  
  21  1:57  Adept (Chrono Boost)  
  21  1:59  Probe  
  24  2:01  Warp Gate  
  24  2:11  Probe  
  25  2:18  Stalker (Chrono Boost)  
  27  2:23  Probe  
  28  2:35  Twilight Council  
  28  2:37  Probe (Chrono Boost)  
  29  2:44  Probe (Chrono Boost)  
  31  2:53  Probe (Chrono Boost)  
  31  2:54  Probe (Chrono Boost)  
  31  2:56  Robotics Facility  
  32  2:59  Probe x2 (Chrono Boost)  
  34  3:10  Probe  
  34  3:12  Gateway, Probe  
  36  3:18  Dark Shrine  
  36  3:21  Gateway  
  36  3:23  Probe  
  36  3:26  Probe  
  38  3:34  Assimilator  
  38  3:35  Probe (Chrono Boost)  
  38  3:38  Pylon  
  40  3:44  Warp Prism (Chrono Boost), Probe (Chrono Boost)  
  40  3:46  Probe (Chrono Boost)  
  43  3:51  Probe (Chrono Boost)  
  43  3:52  Probe (Chrono Boost)  
  45  4:01  Probe  
  46  4:02  Pylon  
  46  4:03  Probe  
  47  4:13  Probe  
  47  4:15  Probe  
  47  4:16  Stalker  
  51  4:21  Nexus  
  51  4:25  Probe  
  51  4:27  Assimilator  
  51  4:28  Probe  
  53  4:36  Dark Templar x2  
  57  4:39  Dark Templar  
  57  4:44  Pylon  
  60  4:45  Probe  
  61  4:55  Pylon  
  59  5:01  Pylon  
  59  5:06  Dark Templar  
  60  5:07  Probe x2  
  60  5:19  Probe x2  
  60  5:25  Dark Templar  
  60  5:28  Pylon  
  57  5:31  Stalker x2, Probe  
  57  5:32  Probe  
  57  5:34  Probe  
  52  5:43  Probe  
  52  5:45  Charge (Chrono Boost)  
  51  5:53  Gateway  
  51  5:54  Gateway  
  51  5:55  Probe x3  
  54  5:57  Gateway  
  54  6:08  Dark Templar  
  54  6:10  Stalker x2  
  57  6:11  Probe  
  57  6:13  Probe  
  57  6:14  Probe  
  57  6:23  Probe  
  57  6:24  Robotics Facility  
  57  6:25  Probe  
  58  6:26  Probe  
  59  6:33  Zealot x2  
  59  6:35  Probe  
  59  6:37  Probe  
  59  6:38  Probe  
  64  6:40  Pylon  
  64  6:43  Forge  
  63  6:47  Probe  
  63  6:49  Zealot x2, Probe  
  63  6:50  Probe  
  63  6:51  Zealot  
  72  6:54  Zealot  
  72  6:59  Probe  
  72  7:01  Probe  
  76  7:08  Probe  
  75  7:12  Protoss Ground Weapons Level 1 (Chrono Boost)  
  75  7:13  Robotics Bay, Observer (Chrono Boost)  
  76  7:15  Probe  
  76  7:16  Sentry x3  
  76  7:17  Zealot x2  
  76  7:21  Probe x2  
  89  7:23  Pylon  
  89  7:26  Assimilator  
  89  7:29  Assimilator, Blink, Observer  
  90  7:37  Shield Battery  
  90  7:38  Probe x3  
  93  7:46  Gateway  
  93  7:48  Gateway  
  93  7:53  Observer  
  93  7:55  Zealot x5  
  93  7:57  Warp Prism (Chrono Boost)  
  95  8:04  Probe x2  
  91  8:11  Phoenix  
  87  8:15  Extended Thermal Lance (Chrono Boost)  
  87  8:22  Colossus (Chrono Boost), Pylon  
  93  8:29  Gateway  
  93  8:34  Zealot x5  
  103  8:41  Nexus  
  103  8:42  Observer  
  103  8:45  Templar Archives  
  103  8:50  Zealot x2  
  103  8:52  Pylon  
  107  9:01  Probe  
  107  9:02  Probe x2  
  110  9:09  Colossus  
  116  9:10  Protoss Ground Armor Level 1 (Chrono Boost)  
  116  9:16  Forge  
  116  9:20  Probe x3, Pylon  
  116  9:23  Stalker x2  
  123  9:25  Pylon  
  123  9:31  Stalker  
  123  9:34  Probe x2  
  123  9:41  Zealot x5  
  123  9:42  Phoenix  
  129  9:46  Protoss Ground Weapons Level 2 (Chrono Boost)  
  129  9:47  Probe x2  
  129  9:48  Probe  
  132  9:57  Pylon  
  132  9:58  Pylon  
  132  9:59  Shield Battery, Probe x2  
  134  10:01  Colossus (Chrono Boost), Photon Cannon  
  134  10:02  High Templar x3  
  134  10:03  High Templar  
  142  10:09  Archon x2  
  148  10:16  High Templar x3  
  148  10:17  High Templar, Pylon  
  148  10:19  Pylon  
  148  10:20  Archon  
  156  10:21  Archon  
  156  10:28  Pylon  
  156  10:35  Photon Cannon  
  156  10:40  Zealot x4  
  164  10:43  Gateway  
  164  10:44  Assimilator  
  164  10:47  Gateway  
  164  10:48  Assimilator  
  164  10:53  High Templar x4  
  164  10:56  Archon  
  168  10:57  Archon  
  168  11:04  Robotics Facility  
  168  11:08  Pylon  
  168  11:09  Stalker x4  
  176  11:15  Pylon  
  176  11:17  Pylon  
  176  11:19  Nexus, Pylon  
  172  11:27  Zealot x2  
  172  11:28  Zealot x2  
  176  11:35  Zealot x4  
  166  11:51  Stalker x4  
  166  11:52  Stalker  
  170  11:56  Zealot x5  
  142  12:16  Zealot x8  
  142  12:17  Zealot x2  
Show
View Real Time Build Order
Export as new Build Order

BratOK Terran 

Build Orders:  

Get SALT Encoding   

  12  0:00  SCV  
  13  0:12  SCV  
  14  0:17  Supply Depot  
  14  0:25  SCV  
  15  0:38  SCV  
  15  0:39  Barracks  
  16  0:43  Refinery  
  16  0:51  SCV  
  17  1:03  SCV  
  18  1:15  SCV  
  19  1:26  Marine  
  19  1:27  Orbital Command  
  20  1:42  Command Center  
  20  1:46  Barracks Reactor  
  20  1:53  Supply Depot  
  20  1:58  SCV  
  21  2:11  SCV  
  21  2:13  Factory  
  22  2:21  Bunker  
  22  2:23  Marine x2  
  22  2:26  SCV  
  22  2:29  Refinery  
  25  2:39  SCV  
  25  2:41  Marine x2  
  28  2:52  SCV  
  28  2:55  Orbital Command  
  29  3:01  Starport  
  29  3:04  SCV  
  30  3:07  Factory Tech Lab  
  30  3:12  Marine  
  31  3:15  Marine  
  31  3:16  SCV  
  33  3:29  SCV  
  33  3:31  Siege Tank  
  33  3:34  SCV  
  38  3:35  Supply Depot  
  38  3:40  Marine x2  
  40  3:42  Medivac  
  40  3:46  SCV x2  
  44  3:58  SCV  
  44  3:59  Engineering Bay  
  44  4:00  Marine x2  
  46  4:04  SCV  
  46  4:05  Cyclone  
  50  4:10  SCV  
  50  4:14  Supply Depot  
  51  4:22  Marine x2  
  53  4:24  SCV  
  53  4:29  Supply Depot  
  54  4:35  Missile Turret  
  54  4:36  Viking, SCV x2  
  58  4:41  Siege Tank, Marine  
  62  4:50  SCV, Marine  
  63  4:59  Marine  
  61  5:00  Missile Turret  
  60  5:08  Marine  
  60  5:13  Siege Tank, SCV  
  65  5:17  Marine  
  63  5:25  SCV  
  63  5:26  Marine  
  64  5:34  Marine  
  64  5:37  SCV x2  
  64  5:44  Marine  
  64  5:45  Siege Tank  
  64  5:49  SCV x2  
  67  5:52  Marine  
  67  5:56  Barracks  
  67  5:57  Barracks  
  68  6:01  SCV x2  
  70  6:06  Command Center  
  70  6:16  Marine  
  70  6:24  Supply Depot  
  70  6:25  Supply Depot  
  70  6:27  Marine  
  70  6:31  Siege Tank  
  70  6:32  SCV  
  69  6:34  Marine  
  69  6:39  SCV  
  70  6:43  Barracks x2  
  70  6:46  Starport Tech Lab, Marine  
  71  6:47  Barracks Tech Lab x2  
  71  6:48  Starport Reactor  
  71  6:51  Refinery x2, Marine  
  69  7:03  Siege Tank  
  69  7:06  Combat Shield, Stimpack  
  69  7:07  Marine x2  
  64  7:09  SCV  
  64  7:13  SCV  
  62  7:20  Orbital Command  
  62  7:22  Terran Infantry Weapons Level 1  
  62  7:24  Missile Turret, Marine  
  62  7:25  Marine  
  62  7:26  SCV x2  
  66  7:34  Marine x4  
  70  7:40  Barracks  
  70  7:41  Barracks  
  70  7:42  Marine x2  
  67  7:51  Marine  
  67  7:52  Marine x3  
  68  7:58  Viking  
  68  7:59  Viking  
  68  8:00  Marine x2  
  61  8:09  Marine x2  
  63  8:12  SCV x2  
  63  8:17  Barracks  
  63  8:24  SCV  
  63  8:26  Marine x4  
  68  8:28  Factory Reactor  
  68  8:30  Medivac x2  
  68  8:31  Orbital Command  
  68  8:34  Marine x2  
  73  8:37  Marine x2  
  73  8:40  Supply Depot  
  76  8:44  Marine x2  
  78  8:48  Marine  
  78  8:49  Marauder  
  78  8:51  Marine  
  78  8:54  Marine  
  78  8:55  Marine  
  84  8:56  SCV x2  
  84  9:02  Medivac x2, Marauder  
  92  9:07  Marine  
  92  9:08  Marine  
  94  9:10  Marauder  
  94  9:14  Widow Mine x2  
  94  9:16  Terran Infantry Armor Level 1  
  100  9:18  Supply Depot  
  100  9:21  Supply Depot  
  100  9:24  Marauder, Marine  
  100  9:31  Marauder  
  100  9:35  Medivac x2  
  100  9:49  SCV x2  
  102  9:58  SCV  
  103  10:01  Starport, SCV x2  
  103  10:05  Viking  
  107  10:10  Barracks Tech Lab x3, SCV  
  107  10:11  Barracks Reactor  
  107  10:13  Marauder, SCV  
  111  10:19  Supply Depot  
  111  10:20  Supply Depot  
  111  10:27  Concussive Shells  
  111  10:28  Marauder x3, Marine x2  
  116  10:32  Refinery  
  116  10:33  Supply Depot  
  117  10:40  Viking x3  
  123  10:43  SCV  
  123  10:46  Marauder x2  
  123  10:47  Marine  
  123  10:48  Marauder  
  131  10:51  Supply Depot  
  129  10:59  Viking, Marauder x2, Marine  
  136  11:06  Supply Depot x2  
  136  11:09  Marauder x2  
  140  11:17  Viking  
  140  11:18  Viking  
  137  11:35  Marauder x2, Marine  
  137  11:36  Viking  
  141  11:45  Viking  
  122  12:00  Marauder x2  
  111  12:06  Marauder  

Tags
 
Add a new tag
Caveats
  • Supply blocks, unpowered buildings, or Contaminate may cause inaccurate times.
  • Supply counts are checked every 10 seconds.